 Dungeon Crawl Stone Soup version 0.27-a0-1245-g940ed4fa31 (webtiles) character file.

Game seed: 7508152675165286642

19063 HoaS the Cruncher (level 12, -2/78 HPs)
             Began as a Gargoyle Gladiator on June 9, 2021.
             Was a High Priest of Okawaru.
             Slain by an eight-headed hydra (6 damage)
             ... on level 1 of the Lair of Beasts.
             The game lasted 00:29:40 (9437 turns).

HoaS the Cruncher (Gargoyle Gladiator)              Turns: 9437, Time: 00:29:41

Health: -2/78      AC: 30    Str: 26    XL:     12   Next: 65%
Magic:  10/17      EV: 13    Int: 10    God:    Okawaru [*****.]
Gold:   1171       SH:  0    Dex: 19    Spells: 11/11 levels left

rFire    . . .     SeeInvis .   a - +1 quarterstaff (vorpal)
rCold    . . .     Faith    .   (shield currently unavailable)
rNeg     + . .     Spirit   .   B - +0 plate armour
rPois    ∞         Reflect  .   K - +2 helmet
rElec    +         Harm     .   D - scarf {repulsion}
rCorr    .         Rampage  .   p - +0 pair of gloves
Will     .....                  r - +0 pair of boots
Stlth    ..........             j - amulet of regeneration
HPRegen  1.23/turn              y - +6 ring of dexterity
MPRegen  0.15/turn              t - +6 ring of strength

@: heroic, finesse-ful, repel missiles
A: sickness immunity, AC +8, negative energy resistance 1, electricity
resistance, torment resistance 1, petrification resistance
a: Renounce Religion, Heroism, Finesse


You were on level 1 of the Lair of Beasts.
You worshipped Okawaru.
Okawaru was extremely pleased with you.
You visited 3 branches of the dungeon, and saw 12 of its levels.
You also visited: Ossuary.

You collected 1171 gold pieces.

Inventory:

Hand Weapons
 a - a +1 vorpal quarterstaff (weapon)
 i - a +0 vorpal arbalest
Missiles
 u - 84 bolts
Armour
 p - a +0 pair of gloves (worn)
 r - a +0 pair of boots (worn)
 B - a +0 plate armour (worn)
 D - a scarf of repulsion (worn)
 K - a +2 helmet (worn)
Jewellery
 j - an amulet of regeneration (around neck)
 t - a +6 ring of strength (right hand)
 y - a +6 ring of dexterity (left hand)
 G - a ring of protection from fire
Wands
 d - a wand of flame (14)
 e - a wand of mindburst (8)
 s - a wand of polymorph (9)
Scrolls
 b - a scroll of silence
 c - a scroll of magic mapping
 k - a scroll of blinking
 v - 2 scrolls of fog
 x - 3 scrolls of fear
 A - a scroll of summoning
 H - a scroll of teleportation
Potions
 f - 2 potions of invisibility
 g - 3 potions of mutation
 h - 2 potions of attraction
 l - a potion of might
 m - 7 potions of flight
 n - a potion of lignification {unknown}
 o - 5 potions of curing
 q - 3 potions of haste
 w - 2 potions of heal wounds
 z - a potion of resistance {unknown}
 C - 2 potions of cancellation {unknown}
 F - a potion of ambrosia {unknown}
 I - a potion of brilliance {unknown}


   Skills:
 * Level 10.3(15.3) Fighting
 - Level 14.0(19.0) Staves
 - Level 2.0(7.0) Crossbows
 - Level 1.7(6.7) Throwing
 + Level 7.0(12.0) Armour
 + Level 6.0(11.0) Dodging
 + Level 7.7 Invocations


You had 11 spell levels left.
You didn't know any spells.
Your spell library contained the following spells:

 Spells                   Type           Power      Damage    Failure   Level
 Freeze                   Ice            0%         1d3       97%         1
 Magic Dart               Conj           0%         1d3       97%         1
 Sting                    Tmut/Pois      0%         1d3       97%         1
 Poisonous Vapours        Pois/Air       0%         N/A       99%         2
 Searing Ray              Conj           0%         3d3       99%         2
 Dazzling Flash           Conj/Hex       0%         N/A       100%        3
 Frozen Ramparts          Ice            0%         1d2       100%        3
 Ignite Poison            Fire/Tmut/Pois 0%         N/A       100%        3
 Mephitic Cloud           Conj/Pois/Air  0%         N/A       100%        3
 Ozocubu's Armour         Ice            0%         N/A       100%        3
 Fulminant Prism          Conj/Hex       0%         3d6       100%        4
 Hailstorm                Conj/Ice       0%         3d3       100%        4
 Iskenderun's Mystic Bla  Conj/Tloc      0%         2d3       100%        4
 Olgreb's Toxic Radiance  Pois           0%         N/A       100%        4
 Metabolic Englaciation   Hex/Ice        0%         N/A       100%        5


Dungeon Overview and Level Annotations

Branches:
Dungeon (10/15)            Temple (1/1) D:5            Lair (1/6) D:8
Ossuary (visited)
    Orc: D:9-12

Altars:
Ashenzari
Cheibriados
Dithmenos
Elyvilon
Fedhas
Gozag
Hepliaklqana
Kikubaaqudgha
Makhleb
Nemelex Xobeh
Okawaru
Qazlal
Ru
Sif Muna
Trog
Uskayaw
Vehumet
Wu Jian
Xom
Yredelemnul
Zin
The Shining One


Innate Abilities, Weirdness & Mutations

You are immune to sickness and miasma.
Your stone body is resilient. (AC +8)
You are immune to poison.
You resist negative energy. (rN+)
You are resistant to electric shocks. (rElec)
You are resistant to unholy torment.
You are immune to petrification.


Message History

You hit the eight-headed hydra but do no damage.
The eight-headed hydra is lightly wounded.
You hit the eight-headed hydra but do no damage.
The eight-headed hydra is lightly wounded.
You sock the eight-headed hydra!
The eight-headed hydra is moderately wounded.
You sock the eight-headed hydra!
The eight-headed hydra is heavily wounded.
The eight-headed hydra bites you but does no damage. x2
The eight-headed hydra closely misses you.
The eight-headed hydra bites you but does no damage. x2
The eight-headed hydra closely misses you.
The eight-headed hydra barely misses you. x2
You hit the eight-headed hydra.
The eight-headed hydra is heavily wounded.
You barely miss the eight-headed hydra.
The eight-headed hydra is heavily wounded.
You barely miss the eight-headed hydra.
The eight-headed hydra is heavily wounded.
The eight-headed hydra barely misses you. x2
The eight-headed hydra bites you.
* * * LOW HITPOINT WARNING * * *
The eight-headed hydra bites you.
* * * LOW HITPOINT WARNING * * *
The eight-headed hydra bites you but does no damage.
The eight-headed hydra bites you.
* * * LOW HITPOINT WARNING * * *
The eight-headed hydra barely misses you.
The eight-headed hydra bites you!
* * * LOW HITPOINT WARNING * * *
You thump the eight-headed hydra!
The eight-headed hydra is severely wounded.
You completely miss the eight-headed hydra.
The eight-headed hydra is severely wounded.
You sock the eight-headed hydra!
The eight-headed hydra is almost dead.
The eight-headed hydra completely misses you.
The eight-headed hydra bites you but does no damage. x6
The eight-headed hydra bites you.
You die...

#...........(......
##.P###P.####.......
#...#########...##..
##.##......##...# #.
#..##......##...# .
##.##......##...#
#..##......#
##.#D......#
#..@#......#
##.###..#### #.#
##'# #........D..D..
##.............
#.............
#.............
#.#####...##.. #^
#..# .


You could see an eight-headed hydra.

Vanquished Creatures
  A war gargoyle (D:10)
  A yaktaur captain (D:10)
  Erica (D:10)
  A centaur warrior (D:10)
  A hydra (D:10)
  3 two-headed ogres
  A death knight (D:10)
  A flayed ghost (D:10)
  An ugly thing (D:10)
  A manticore (D:10)
  Joseph (D:7)
  A gargoyle (D:8)
  An unseen horror (D:8)
  A kobold demonologist (D:10)
  A freezing wraith (D:10)
  2 trolls
  A hornet (D:8)
  Prince Ribbit (D:5)
  A wyvern (D:8)
  A centaur simulacrum (D:10)
  19 yaks
  2 wraiths
  A basilisk (D:8)
  A steam dragon (D:9)
  A vampire mosquito (D:10)
  3 water moccasins
  An ice beast (D:6)
  4 black bears
  A hornet zombie (D:8)
  3 necrophages
  A sky beast (D:7)
  6 wolves (Lair:1)
  3 ogres
  2 centaurs (D:10)
  A phantom (D:5)
  A kobold brigand (D:9)
  2 wyvern zombies (D:7)
  2 bullfrogs (D:9)
  6 water moccasin zombies (Ossuary)
  2 scorpions
  A water moccasin skeleton (D:5)
  A killer bee (D:10)
  20 wights
  2 howler monkeys (D:10)
  A bullfrog zombie (D:5)
  5 centaur zombies
  2 hounds (D:4)
  A bullfrog skeleton (D:5)
  2 centaur skeletons
  2 gnoll shamans (D:10)
  An orc priest (D:10)
  Ijyb (D:3)
  9 orc wizards
  A killer bee zombie (D:9)
  A hound zombie (D:5)
  3 mummies
  2 howler monkey zombies
  Robin (D:4)
  6 gnolls
  7 adders
  3 shadow imps
  2 white imps
  An ufetubus (D:7)
  5 adder zombies
  An adder skeleton (D:4)
  A worm (D:4)
  3 dart slugs
  19 orcs
  9 ball pythons
  10 bats
  8 endoplasms
  4 giant cockroaches
  3 gnoll zombies (Ossuary)
  16 goblins
  7 hobgoblins
  3 jackals (D:1)
  13 kobolds
  7 quokkas
  A frilled lizard (D:3)
  4 hobgoblin zombies (Ossuary)
  2 kobold zombies (Ossuary)
  4 orc zombies (Ossuary)
  5 rats
285 creatures vanquished.

Vanquished Creatures (others)
  An orc wizard (D:5)
  An adder (D:5)
  A fungus (D:8)
  2 plants
5 creatures vanquished.

Grand Total: 290 creatures vanquished

Notes
Turn   | Place    | Note
-------+----------+-------------------------------------------
     0 | D:1      | HoaS the Gargoyle Gladiator began the quest for the Orb.
     0 | D:1      | Reached XP level 1. HP: 12/12 MP: 1/1
    62 | D:1      | Reached XP level 2. HP: 16/17 MP: 2/2
   389 | D:1      | Reached skill level 4 in Staves
   416 | D:1      | Reached XP level 3. HP: 21/21 MP: 3/3
  1100 | D:2      | Found a faded altar of an unknown god.
  1143 | D:2      | Reached XP level 4. HP: 26/26 MP: 4/4
  1181 | D:2      | Found a hazy altar of Hepliaklqana.
  1255 | D:2      | Reached skill level 5 in Staves
  2051 | D:3      | Found a basalt altar of Yredelemnul.
  2057 | D:3      | Reached XP level 5. HP: 30/30 MP: 5/5
  2072 | D:3      | Noticed Ijyb
  2073 | D:3      | Paralysed by Ijyb for 7 turns
  2093 | D:3      | Killed Ijyb
  2469 | D:4      | Reached skill level 6 in Staves
  2483 | D:4      | Reached XP level 6. HP: 35/35 MP: 6/6
  2549 | D:4      | Noticed Robin
  2557 | D:4      | Killed Robin
  2626 | D:4      | Reached skill level 7 in Staves
  2832 | D:4      | Found a hide-covered altar of Uskayaw.
  2961 | D:4      | Reached XP level 7. HP: 39/40 MP: 7/7
  3075 | D:5      | Entered Level 5 of the Dungeon
  3195 | D:5      | Reached skill level 8 in Staves
  3250 | D:5      | Noticed Prince Ribbit
  3278 | D:5      | Killed Prince Ribbit
  3279 | D:5      | Reached skill level 9 in Staves
  3279 | D:5      | Reached XP level 8. HP: 30/44 MP: 8/8
  3410 | D:5      | Reached skill level 10 in Staves
  3808 | D:5      | Found a staircase to the Ecumenical Temple.
  3946 | Temple   | Entered the Ecumenical Temple
  4135 | Temple   | Became a worshipper of Warmaster Okawaru
  4283 | D:6      | Reached skill level 1 in Crossbows
  4283 | D:6      | Reached skill level 1 in Invocations
  4379 | D:6      | Reached XP level 9. HP: 42/48 MP: 10/10
  4400 | D:6      | Reached * piety under Okawaru
  4401 | D:6      | Reached skill level 11 in Staves
  5124 | D:6      | Reached skill level 12 in Staves
  5442 | D:7      | Reached ** piety under Okawaru
  5451 | D:7      | Noticed Joseph
  5492 | D:7      | Killed Joseph
  5503 | D:7      | Reached skill level 13 in Staves
  5503 | D:7      | Reached XP level 10. HP: 27/53 MP: 12/12
  5876 | D:8      | Noticed a gargoyle
  5896 | D:8      | Killed a gargoyle
  5911 | D:8      | Found a sand-covered staircase.
  5919 | Ossuary  | Entered an ossuary
  6159 | Ossuary  | Identified the +1 chain mail of Quantum Leap {rC++ Dex-2}
  6209 | D:8      | Found a sparkling altar of Nemelex Xobeh.
  6237 | D:8      | Reached skill level 14 in Staves
  6325 | D:8      | Killed an unseen horror
  6325 | D:8      | Reached *** piety under Okawaru
  6325 | D:8      | Received a gift from Okawaru
  6367 | D:8      | Found a staircase to the Lair.
  6379 | D:8      | Reached skill level 1 in Armour
  6810 | D:8      | Identified a scroll of acquirement
  6810 | D:8      | Acquired 496 gold pieces
  6856 | D:9      | Identified the +5 whip "Lirus" {venom, rElec Str+4}
  6973 | D:9      | Noticed a two-headed ogre
  6982 | D:9      | Killed a two-headed ogre
  6982 | D:9      | Reached **** piety under Okawaru
  6983 | D:9      | Reached skill level 5 in Fighting
  6983 | D:9      | Reached XP level 11. HP: 49/64 MP: 14/14
  7048 | D:9      | Found a broken altar of Ashenzari.
  7048 | D:9      | Found an ancient bone altar of Kikubaaqudgha.
  7485 | D:9      | Reached skill level 5 in Invocations
  7786 | D:10     | Entered Level 10 of the Dungeon
  7986 | D:10     | Found a burning altar of Makhleb.
  7986 | D:10     | Noticed a green death
  8069 | D:10     | Noticed a two-headed ogre
  8107 | D:10     | Killed a two-headed ogre
  8107 | D:10     | Received a gift from Okawaru
  8119 | D:10     | Reached ***** piety under Okawaru
  8143 | D:10     | Noticed a four-headed hydra
  8170 | D:10     | Received a gift from Okawaru
  8171 | D:10     | Noticed a centaur warrior
  8195 | D:10     | Killed a centaur warrior
  8196 | D:10     | Reached skill level 5 in Armour
  8203 | D:10     | Killed a four-headed hydra
  8213 | D:10     | Noticed a red ugly thing
  8232 | D:10     | Killed a red ugly thing
  8233 | D:10     | Reached skill level 5 in Dodging
  8396 | D:10     | Noticed a two-headed ogre
  8409 | D:10     | Killed a two-headed ogre
  8410 | D:10     | Reached XP level 12. HP: 49/75 MP: 16/16
  8600 | D:10     | Noticed Erica
  8610 | D:10     | Killed Erica
  8878 | D:10     | Found a runed translucent door.
  8911 | D:10     | Noticed a death knight
  8922 | D:10     | Killed a death knight
  8992 | D:10     | Noticed a yaktaur captain
  8992 | D:10     | Noticed a war gargoyle
  9008 | D:10     | Killed a war gargoyle
  9008 | D:10     | Received a gift from Okawaru
  9009 | D:10     | Reached skill level 10 in Fighting
  9018 | D:10     | Killed a yaktaur captain
  9331 | Lair:1   | Entered Level 1 of the Lair of Beasts
  9415 | Lair:1   | Noticed an eight-headed hydra
  9434 | Lair:1   | HP: 3/78 [eight-headed hydra (8)]
  9437 | Lair:1   | Slain by an eight-headed hydra

Illustrated notes

Levels and vault maps discovered:
D:1:      saegor_arrival_simple_c, layout_loops_ring, hangedman_decor_points
D:2:      cheibrodos_helix_gallery, layout_basic, basic_altar,
          hellmonk_ecumenical_altar_lost_god, guppyfry_early_lair_pool
D:3:      layout_loops_ring, lemuel_crystal_altar, minmay_tree_intersection,
          uniq_ijyb
D:4:      layout_rooms, kennysheep_mini_moat, uniq_robin
D:5:      layout_loops_ring, minmay_temple_entry_statues_pillars,
          uniq_prince_ribbit1
D:6:      layout_rooms, nicolae_underground_beach
D:7:      layout_loops_ring, uniq_joseph
D:8:      layout_cave_pools, nicolae_overflow_crystal_walls, david_lair_generic,
          gup_ossuary_entry_pyramid
D:9:      layout_loops_corners, jmf_multi_god_temple, dk_noncrumbling_4
D:10:     minmay_bloctagon, layout_loops_ring, makhleb_altar_promises_db,
          minivault_13, uniq_erica
Temple:   eino_temple_rhombus
Lair:1:   layout_regular_city

Skill      XL: |  1  2  3  4  5  6  7  8  9 10 11 12 |
---------------+-------------------------------------+-----
Staves         | 4 5 6 7 9 10 13 14 | 14.0
Crossbows      | 2 |  2.0
Invocations    | 2 3 4 6 7 |  7.7
Fighting       | 5 8 10 | 10.3
Armour         | 3 5 7 |  7.0
Dodging        | 3 5 6 |  6.0
Throwing       | |  1.7

Action                   |  1- 3 |  4- 6 |  7- 9 | 10-12 || total
-------------------------+-------+-------+-------+-------++-------
Melee: Quarterstaff      |   105 |   198 |   385 |   693 ||  1381
Throw: Throwing net      |       |     1 |     3 |     2 ||     6
       Boomerang         |       |       |    12 |       ||    12
       Dart              |       |       |     1 |       ||     1
Invok: Heroism           |       |       |     1 |     9 ||    10
       Finesse           |       |       |       |     3 ||     3
Evoke: Wand              |       |       |       |     8 ||     8
  Use: Scroll            |     5 |     6 |     6 |     8 ||    25
       Potion            |       |       |     2 |     1 ||     3
 Stab: Invisible         |       |       |     3 |       ||     3
       Held in net/web   |       |       |     2 |     3 ||     5
Armor: Leather armour    |    33 |     8 |       |       ||    41
       Ring mail         |       |    15 |       |       ||    15
       Chain mail        |       |    92 |   233 |   291 ||   616
       Plate armour      |       |       |       |    29 ||    29
Dodge: Dodged            |    70 |    71 |   164 |   211 ||   516

Table legend: (Time is in decaauts)
 A = Elapsed time spent in this place.
 B = Non-inter-level travel time spent in this place.
 C = Inter-level travel time spent in this place.
 D = Time resting spent in this place.
 E = Time spent auto-exploring this place.
 F = Levels seen in this place.
 G = Mean time per level.
                   A        B        C        D        E       F      G
               +--------+--------+--------+--------+--------+-----+--------+
         Total |   8985 |   8398 |    587 |    448 |   5721 |  13 |  691.2 |
       Dungeon |   8491 |   7929 |    562 |    448 |   5419 |  10 |  849.1 |
        Temple |    203 |    179 |     24 |      0 |    174 |   1 |  203.0 |
          Lair |     88 |     88 |      0 |      0 |     54 |   1 |   88.0 |
       Ossuary |    202 |    202 |      0 |      0 |     74 |   1 |  202.0 |
               +--------+--------+--------+--------+--------+-----+--------+

Top non-repeatable levels by time:
    D:10: 1331 daAuts
     D:9: 932 daAuts
     D:1: 897 daAuts
     D:5: 886 daAuts
     D:6: 844 daAuts
     D:2: 829 daAuts
     D:8: 768 daAuts
     D:3: 740 daAuts
     D:7: 642 daAuts
     D:4: 618 daAuts
  Temple: 203 daAuts
 Ossuary: 202 daAuts
  Lair:1: 88 daAuts
